[Event "Titled Tuesday Blitz November 14 Early 2023"]
[White "Mortazavi, Ali"]
[Black "Cherniaiev, Tykhon"]
[WhiteFideId "401323"]
[BlackFideId "14182360"]
[WhiteElo "2556"]
[BlackElo "2821"]
[Result "0-1"]
[Round "2"]
[TimeControl "180+1"]
[Date "2023.11.14"]
[WhiteClock "0:00:00"]
[BlackClock "0:01:10"]
[Board "62"]

1. Nf3 Nf6 2. g3 g6 3. Bg2 Bg7 4. O-O O-O 5. d3 d5 6. Nbd2 c5 7. e3 Nc6 8. e4 Bg4 9. h3 dxe4 10. hxg4 exf3 11. Bxf3 Qd7 12. g5 Nd5 13. Re1 Rad8 14. Bg4 Qc7 15. a4 Ne5 16. Bh3 c4 17. d4 c3 18. Nb3 cxb2 19. Bxb2 Nc3 20. Bxc3 Qxc3 21. Re3 Qc7 22. Qe2 Nc6 23. c3 e6 24. Nc5 Nxd4 25. cxd4 Bxd4 26. Rc1 Bxc5 27. Rec3 b6 28. Bg2 Qe7 29. a5 Qxg5 30. R3c2 Bd4 31. a6 Bc5 32. Qf3 Rd7 33. Rf1 Rfd8 34. Re2 Rd3 35. Qb7 Rxg3 0-1


[Site "https://www.chess.com"]

[Event "Titled Tuesday Blitz November 14 Early 2023"]
[White "Lund, Gunnar"]
[Black "Vakhlamov, Igor L."]
[WhiteFideId "1520814"]
[BlackFideId "24126748"]
[WhiteElo "2556"]
[BlackElo "2819"]
[Result "0-1"]
[Round "2"]
[TimeControl "180+1"]
[Date "2023.11.14"]
[WhiteClock "0:00:55"]
[BlackClock "0:01:45"]
[Board "63"]

1. d4 d5 2. Bg5 h6 3. Bf4 Nf6 4. e3 Bf5 5. c4 e6 6. Nc3 Bb4 7. Nf3 O-O 8. Bd3 Bxd3 9. Qxd3 c5 10. O-O cxd4 11. Nxd4 Nbd7 12. Bg3 Rc8 13. cxd5 Bxc3 14. dxe6 Bxb2 15. exd7 Qxd7 16. Rab1 Bxd4 17. Qxd4 Qxd4 18. exd4 b6 19. Rfe1 Nd5 20. Kf1 f6 21. Re6 Kf7 22. Rd6 Rfd8 23. Rxd8 Rxd8 24. Rc1 Rd7 25. Ke2 Ne7 26. Kd3 Ke6 27. Rc7 Rxc7 28. Bxc7 Kd5 29. Bb8 Nc6 30. Bf4 Nxd4 31. Bb8 Nc6 32. Bf4 Ne5+ 33. Kc3 h5 34. Be3 Ng4 35. Kb4 Nxe3 36. fxe3 a6 37. a4 Ke4 38. Kc4 h4 39. g3 hxg3 40. hxg3 0-1


[Site "https://www.chess.com"]

[Event "Titled Tuesday Blitz November 14 Early 2023"]
[White "Maksimovic, Bojan"]
[Black "Arngrimsson, Dagur"]
[WhiteFideId "14408120"]
[BlackFideId "2301288"]
[WhiteElo "2819"]
[BlackElo "2553"]
[Result "1-0"]
[Round "2"]
[TimeControl "180+1"]
[Date "2023.11.14"]
[WhiteClock "0:00:25"]
[BlackClock "0:00:19"]
[Board "64"]

1. Nf3 Nf6 2. g3 d5 3. Bg2 Bf5 4. O-O e6 5. c4 h6 6. Qb3 b6 7. Nc3 c6 8. cxd5 exd5 9. d3 Be7 10. e4 dxe4 11. dxe4 Be6 12. Qc2 O-O 13. Rd1 Nbd7 14. Nd4 Qc8 15. Nxe6 fxe6 16. Bh3 Ne5 17. f4 Nc4 18. b3 Bc5+ 19. Kg2 Ne3+ 20. Bxe3 Bxe3 21. e5 Ne8 22. Qg6 Nc7 23. Ne4 Qa6 24. Bg4 Kh8 25. Rd7 Ne8 26. Nf6 Qc8 27. Qh7# 1-0


[Site "https://www.chess.com"]

[Event "Titled Tuesday Blitz November 14 Early 2023"]
[White "Cervantes Landeiro, Thalia"]
[Black "Vignesh N R"]
[WhiteFideId "3520498"]
[BlackFideId "25012215"]
[WhiteElo "2550"]
[BlackElo "2813"]
[Result "0-1"]
[Round "2"]
[TimeControl "180+1"]
[Date "2023.11.14"]
[WhiteClock "0:00:10"]
[BlackClock "0:01:25"]
[Board "65"]

1. d4 Nf6 2. c4 e6 3. Nf3 c5 4. d5 exd5 5. cxd5 d6 6. Nc3 g6 7. Nd2 Bg7 8. e4 O-O 9. Be2 Na6 10. O-O Nc7 11. a4 b6 12. f4 Re8 13. Bf3 Rb8 14. Re1 a6 15. Nc4 b5 16. axb5 Nxb5 17. e5 dxe5 18. fxe5 Nd7 19. e6 fxe6 20. dxe6 Bd4+ 21. Kh1 Nf8 22. Bh6 Bxe6 23. Na5 Nxc3 24. bxc3 Bxc3 25. Qa4 Bxe1 26. Rxe1 Bf7 27. Nc6 Rxe1# 0-1


[Site "https://www.chess.com"]

[Event "Titled Tuesday Blitz November 14 Early 2023"]
[White "Dragun, Kamil"]
[Black "Santos Flores, Alberto"]
[WhiteFideId "1134167"]
[BlackFideId "3601234"]
[WhiteElo "2812"]
[BlackElo "2550"]
[Result "1-0"]
[Round "2"]
[TimeControl "180+1"]
[Date "2023.11.14"]
[WhiteClock "0:00:29"]
[BlackClock "0:00:03"]
[Board "66"]

1. d4 d5 2. c4 c6 3. Nc3 Nf6 4. e3 a6 5. Nf3 Bf5 6. Qb3 Ra7 7. Nh4 Bg6 8. Nxg6 hxg6 9. cxd5 cxd5 10. Bd2 e6 11. Rc1 Nc6 12. Bd3 Bd6 13. Na4 Nd7 14. g3 O-O 15. h4 Na5 16. Qc2 b5 17. Nc5 Nxc5 18. dxc5 Be5 19. h5 g5 20. h6 g6 21. Bc3 Nc6 22. f4 gxf4 23. gxf4 Bxc3+ 24. Qxc3 d4 25. exd4 Qxd4 26. Qxd4 Nxd4 27. Be4 Rc7 28. Kf2 b4 29. Ke3 Nf5+ 30. Bxf5 exf5 31. Rhd1 Rfc8 32. Rd5 Kh7 33. Kd4 Kxh6 34. Rd6 a5 35. c6 Kg7 36. Kc5 Re7 37. Kb6 Rb8+ 38. Kc5 Rc8 39. Rcd1 Re2 40. R1d2 Rxd2 41. Rxd2 Kf6 42. Kb6 g5 43. Rd6+ Ke7 44. Rd7+ Ke6 45. fxg5 f4 46. Rd3 Kf5 47. Kb7 Rxc6 48. Kxc6 Kxg5 49. Kd5 f5 50. Ke5 Kg4 51. Rd4 1-0


[Site "https://www.chess.com"]

[Event "Titled Tuesday Blitz November 14 Early 2023"]
[White "RodokininEV"]
[Black "Molina, Roberto Junio Brito"]
[BlackFideId "2109450"]
[WhiteElo "2549"]
[BlackElo "2812"]
[Result "0-1"]
[Round "2"]
[TimeControl "180+1"]
[Date "2023.11.14"]
[WhiteClock "0:00:00"]
[BlackClock "0:00:12"]
[Board "67"]

1. d4 d6 2. Nf3 Nf6 3. c4 g6 4. Nc3 Bg7 5. e4 O-O 6. Be2 e5 7. O-O Nc6 8. d5 Ne7 9. Ne1 Ne8 10. f3 f5 11. g4 fxg4 12. fxg4 Rxf1+ 13. Bxf1 Kh8 14. Be3 Ng8 15. Be2 Bh6 16. Qd2 Bxe3+ 17. Qxe3 Nef6 18. h3 Bd7 19. Nd3 b6 20. Rc1 a5 21. b3 Kg7 22. a3 h6 23. b4 axb4 24. axb4 Ne8 25. c5 bxc5 26. bxc5 Ra3 27. Qd2 Qh4 28. Kg2 h5 29. Nf2 Ngf6 30. cxd6 cxd6 31. gxh5 Nxh5 32. Bxh5 gxh5 33. Qe3 Nf6 34. Qg3+ Qxg3+ 35. Kxg3 Kg6 36. Kf3 h4 37. Ke2 Nh5 38. Kd2 Nf4 39. Rg1+ Kf6 40. Rg8 Ng6 41. Rd8 Ke7 42. Rg8 Be8 43. Ng4 Ra7 44. Rg7+ Bf7 45. Nh6 Kf8 46. Rxf7+ Rxf7 47. Nxf7 Kxf7 48. Ke3 Nf4 49. Kf3 Nxh3 50. Kg4 Nf4 51. Kxh4 Kf6 52. Kg4 Nd3 53. Nb5 Ke7 54. Kf5 Nb4 55. Nc3 Nc2 56. Ne2 Nd4+ 57. Nxd4 exd4 58. Kf4 Kf6 59. e5+ dxe5+ 60. Ke4 Ke7 61. Kxe5 d3 62. d6+ Kd7 0-1


[Site "https://www.chess.com"]

[Event "Titled Tuesday Blitz November 14 Early 2023"]
[White "Gharibyan, Mamikon"]
[Black "Lopez Martinez, Josep Manuel"]
[WhiteFideId "13308300"]
[BlackFideId "2212943"]
[WhiteElo "2811"]
[BlackElo "2548"]
[Result "1-0"]
[Round "2"]
[TimeControl "180+1"]
[Date "2023.11.14"]
[WhiteClock "0:00:25"]
[BlackClock "0:00:00"]
[Board "68"]

1. e4 c5 2. Nf3 d6 3. d4 cxd4 4. Nxd4 Nf6 5. Nc3 a6 6. h3 h5 7. Bg5 e6 8. Qd2 Nbd7 9. O-O-O Qc7 10. f4 Be7 11. Kb1 b5 12. a3 Rb8 13. Bd3 b4 14. axb4 Rxb4 15. Nb3 Qb6 16. Rhe1 Bb7 17. e5 dxe5 18. fxe5 Nd5 19. Bxe7 Kxe7 20. Qg5+ Kf8 21. Na2 Ra4 22. Rf1 Kg8 23. Nac1 Ne3 24. Rxf7 Kxf7 25. Bg6+ Kg8 26. Rxd7 1-0


[Site "https://www.chess.com"]

[Event "Titled Tuesday Blitz November 14 Early 2023"]
[White "Materia, Marco"]
[Black "LeoLV10"]
[WhiteFideId "45150451"]
[WhiteElo "2810"]
[BlackElo "2547"]
[Result "1-0"]
[Round "2"]
[TimeControl "180+1"]
[Date "2023.11.14"]
[WhiteClock "0:00:26"]
[BlackClock "0:00:19"]
[Board "69"]

1. Nf3 c5 2. c4 Nc6 3. e3 e6 4. d4 cxd4 5. exd4 d5 6. Nc3 Bb4 7. Bg5 Qa5 8. Qd2 Nge7 9. c5 Bd7 10. Bd3 f6 11. Be3 e5 12. Bc2 exd4 13. Nxd4 Nxd4 14. Qxd4 Rc8 15. O-O Bxc5 16. Qd2 Bxe3 17. Qxe3 Kf7 18. Rad1 Qc5 19. Qf3 Be6 20. Rfe1 h5 21. h3 Rcd8 22. Bb3 g6 23. Rxe6 Kxe6 24. Ne4 Qc6 25. Qxf6+ Kd7 26. Ba4 b5 27. Qf4 bxa4 28. Nf6+ Ke6 29. Re1+ Kf7 30. Nd7+ Kg7 31. Rxe7+ Kg8 32. Qf7# 1-0


[Site "https://www.chess.com"]

[Event "Titled Tuesday Blitz November 14 Early 2023"]
[White "Taboas Rodriguez, Daniel"]
[Black "Rakhmanov, Aleksandr"]
[WhiteFideId "2208466"]
[BlackFideId "4173708"]
[WhiteElo "2547"]
[BlackElo "2807"]
[Result "0-1"]
[Round "2"]
[TimeControl "180+1"]
[Date "2023.11.14"]
[WhiteClock "0:00:00"]
[BlackClock "0:00:15"]
[Board "70"]

1. d4 Nf6 2. Nf3 g6 3. c4 d6 4. Nc3 Bf5 5. d5 e5 6. dxe6 Bxe6 7. Nd4 Bg7 8. e4 O-O 9. Nxe6 fxe6 10. Be2 Na6 11. Be3 b6 12. O-O Nc5 13. e5 dxe5 14. Bf3 e4 15. Bxc5 bxc5 16. Nxe4 Nxe4 17. Bxe4 Qxd1 18. Raxd1 Rad8 19. b3 Rd4 20. Bc2 Rfd8 21. Rxd4 Bxd4 22. Re1 Kf7 23. g3 h5 24. Kg2 g5 25. Re4 Bf6 26. Re2 a5 27. h3 h4 28. Kf3 Rd4 29. Re4 Rd2 30. Re2 Rd4 31. Re4 Rd6 32. Ke2 Rb6 33. gxh4 gxh4 34. Rg4 a4 35. Bg6+ Kf8 36. bxa4 Rb2+ 37. Kf3 Rxa2 38. Bd3 Rxa4 39. Rg6 Ke7 40. Rh6 Ra2 41. Rh7+ Kd6 42. Be4 Bd4 43. Rxh4 Rxf2+ 44. Kg4 Ke5 45. Bf3 Rc2 46. Rh5+ Kd6 47. h4 Rxc4 48. Rh7 Rc1 49. h5 Rg1+ 50. Kf4 c4 51. h6 c3 52. Be4 Rf1+ 53. Kg3 Re1 54. Kf3 Re3+ 55. Kf4 Rxe4+ 56. Kxe4 c2 0-1


[Site "https://www.chess.com"]

[Event "Titled Tuesday Blitz November 14 Early 2023"]
[White "Fier, Alexandr"]
[Black "Leyva Proenza, Richard"]
[WhiteFideId "2107139"]
[BlackFideId "3500985"]
[WhiteElo "2803"]
[BlackElo "2546"]
[Result "1-0"]
[Round "2"]
[TimeControl "180+1"]
[Date "2023.11.14"]
[WhiteClock "0:02:10"]
[BlackClock "0:00:18"]
[Board "71"]

1. Nf3 Nf6 2. g3 e6 3. Bg2 d5 4. O-O Be7 5. d3 O-O 6. Nbd2 c5 7. e4 Nc6 8. e5 Nd7 9. Re1 b5 10. Nf1 b4 11. h4 a5 12. h5 a4 13. h6 g6 14. a3 bxa3 15. bxa3 Ba6 16. Bf4 Rb8 17. Ne3 Nd4 18. Ng4 Nxf3+ 19. Bxf3 c4 20. d4 c3 21. Qc1 Nb6 22. Nf6+ Kh8 23. Bg5 Nc4 24. Be2 Rb2 25. Bd3 Bb5 26. Qf4 Nd2 27. Bxb5 Rxb5 28. Re3 Rb1+ 29. Re1 Rxe1+ 30. Rxe1 Nc4 31. Ra1 Qc7 32. Qh4 Bxf6 33. Bxf6+ Kg8 34. Be7 Qc8 35. Qf6 1-0


[Site "https://www.chess.com"]

[Event "Titled Tuesday Blitz November 14 Early 2023"]
[White "Lima, Kleyton Alcantara"]
[Black "Rosen, Eric"]
[WhiteFideId "22718397"]
[BlackFideId "2032562"]
[WhiteElo "2543"]
[BlackElo "2800"]
[Result "1-0"]
[Round "2"]
[TimeControl "180+1"]
[Date "2023.11.14"]
[WhiteClock "0:00:14"]
[BlackClock "0:00:06"]
[Board "72"]

1. e4 c5 2. Nf3 e6 3. d4 cxd4 4. Nxd4 Nc6 5. Nc3 Qc7 6. Qd3 Nf6 7. Ndb5 Qb8 8. Qg3 d6 9. Be3 a6 10. Nd4 h5 11. f4 Ng4 12. Bg1 e5 13. fxe5 dxe5 14. Nf5 g6 15. Ne3 Nd4 16. O-O-O Bh6 17. h3 Nf6 18. Kb1 Be6 19. Ned5 Nxd5 20. exd5 Bf5 21. Bxd4 exd4 22. Qxb8+ Rxb8 23. Rxd4 Bg7 24. Rd1 Rc8 25. Re1+ Kd7 26. Ne4 Rhe8 27. Bd3 Re5 28. g4 hxg4 29. hxg4 Bxg4 30. Rh7 Rg8 31. a3 Bf5 32. Nc5+ Kd6 33. Nxb7+ Kxd5 34. Rxe5+ Kxe5 35. Bxa6 g5 36. Rh1 g4 37. Nc5 Kf4 38. Nd3+ Bxd3 39. Bxd3 Bd4 40. Rf1+ Kg5 41. Rxf7 g3 42. Be4 Re8 43. Bd5 Re5 44. c4 Re2 45. b4 Rb2+ 46. Kc1 g2 47. Bxg2 Rxg2 48. Rd7 Bb2+ 49. Kb1 Bxa3 50. Rg7+ Kf5 51. Rxg2 Bxb4 52. Kc2 Ke5 53. Kd3 Kd6 54. Rg5 Be1 55. c5+ Kc6 56. Kc4 Bd2 57. Rg6+ Kc7 58. Kd5 Bf4 59. Rg7+ Kd8 60. Kc6 Bh2 61. Rh7 Bg3 62. Rh8+ Ke7 63. Kb7 Ke6 64. c6 Be5 65. Re8+ Kd6 66. Rxe5 Kxe5 67. c7 Kd6 68. c8=Q Ke7 69. Qc7+ Ke8 70. Kc6 Kf8 71. Kd6 Kg8 72. Ke6 Kh8 73. Kf6 Kg8 74. Qg7# 1-0


[Site "https://www.chess.com"]

[Event "Titled Tuesday Blitz November 14 Early 2023"]
[White "Narayanan, Srinath"]
[Black "Silva Lucena, Cristian"]
[WhiteFideId "5018420"]
[BlackFideId "2232588"]
[WhiteElo "2799"]
[BlackElo "2543"]
[Result "1/2-1/2"]
[Round "2"]
[TimeControl "180+1"]
[Date "2023.11.14"]
[WhiteClock "0:00:07"]
[BlackClock "0:00:03"]
[Board "73"]

1. Nf3 Nf6 2. c4 g6 3. g3 Bg7 4. Bg2 O-O 5. O-O d6 6. d4 Nbd7 7. Nc3 e5 8. e4 c6 9. h3 exd4 10. Nxd4 a5 11. Bf4 Ne5 12. b3 Re8 13. Qd2 Nfd7 14. Bh6 Bh8 15. Nde2 Nc5 16. Kh2 Ned3 17. Rad1 f5 18. Be3 fxe4 19. Nxe4 Nxe4 20. Qxd3 Bf5 21. Bxe4 Rxe4 22. Qxd6 Qc8 23. Nf4 Be5 24. Qc5 Bc7 25. Rfe1 Qe8 26. Bd2 Rd8 27. Rxe4 Qxe4 28. Re1 Qc2 29. Be3 Qc3 30. Rc1 Qf6 31. Qa7 g5 32. Ng2 Qh6 33. Qxb7 Qxh3+ 34. Kg1 Be4 35. f3 Bxf3 36. Rc2 Qxg3 37. Bd4 Rxd4 38. Qc8+ Rd8 39. Qe6+ Kg7 40. Qe7+ Kg6 41. Qe6+ Kh5 42. Qf7+ Kg4 43. Qe6+ Kh5 44. Qf7+ Kh6 45. Qf6+ Kh5 46. Qf7+ 1/2-1/2


[Site "https://www.chess.com"]

[Event "Titled Tuesday Blitz November 14 Early 2023"]
[White "Grunberg, Mihai-Lucian"]
[Black "Rychkov, Oleg"]
[WhiteFideId "1204149"]
[BlackFideId "4122852"]
[WhiteElo "2543"]
[BlackElo "2799"]
[Result "0-1"]
[Round "2"]
[TimeControl "180+1"]
[Date "2023.11.14"]
[WhiteClock "0:00:00"]
[BlackClock "0:00:20"]
[Board "74"]

1. Nf3 Nf6 2. g3 c5 3. Bg2 d5 4. O-O Nc6 5. d4 cxd4 6. Nxd4 e5 7. Nxc6 bxc6 8. c4 Rb8 9. Nc3 d4 10. Ne4 Bd7 11. e3 c5 12. exd4 cxd4 13. Re1 Be7 14. Nxf6+ gxf6 15. Qc2 h5 16. h4 Qc7 17. b3 Be6 18. Qe4 Kf8 19. f4 Bd6 20. fxe5 Bxe5 21. Bf4 Bxf4 22. Qxf4 Qxf4 23. gxf4 Rg8 24. Kf2 Bxc4 25. Bf3 Be6 26. Rad1 Rd8 27. Bxh5 Rh8 28. Bf3 Rxh4 29. Re4 Rh2+ 30. Kg3 Rxa2 31. Rexd4 Rxd4 32. Rxd4 Bxb3 33. Rd8+ Kg7 34. Rd7 Be6 35. Rc7 a5 36. Bg4 Ra3+ 37. Kh4 f5 38. Be2 Kf6 39. Rc6 Re3 40. Bb5 Rf3 41. Ra6 Rxf4+ 42. Kh5 Kg7 43. Rxa5 f6 44. Be8 Bc4 45. Ra7+ Kf8 46. Bc6 Rg4 47. Bf3 Rf4 48. Bc6 Bf7+ 49. Rxf7+ Kxf7 0-1


[Site "https://www.chess.com"]

[Event "Titled Tuesday Blitz November 14 Early 2023"]
[White "Aggelis, Nikolaos"]
[Black "Idani, Pouya"]
[WhiteFideId "4213220"]
[BlackFideId "12510130"]
[WhiteElo "2542"]
[BlackElo "2795"]
[Result "1/2-1/2"]
[Round "2"]
[TimeControl "180+1"]
[Date "2023.11.14"]
[WhiteClock "0:00:37"]
[BlackClock "0:00:29"]
[Board "75"]

1. d4 d5 2. c4 e6 3. Nf3 Nf6 4. g3 Bb4+ 5. Nbd2 O-O 6. Bg2 b6 7. O-O Bb7 8. b3 Re8 9. Bb2 a5 10. Ne5 Nbd7 11. Nd3 Bf8 12. Rc1 c5 13. dxc5 bxc5 14. cxd5 exd5 15. Nf4 Qb6 16. Qc2 Bd6 17. e3 Bxf4 18. gxf4 d4 19. Bxb7 Qxb7 20. exd4 Nh5 21. Qf5 g6 22. Qg5 Nf8 23. d5 Re2 24. Nc4 f6 25. Bxf6 Qf7 26. Be5 Qxd5 27. Nb6 Qf7 28. Nxa8 Ne6 29. Qg4 Nhxf4 30. Bxf4 Nxf4 31. Rce1 h5 32. Qf3 Rxa2 33. Re4 Ne2+ 34. Qxe2 Rxe2 35. Rxe2 Qf3 36. Re8+ Kf7 37. Rfe1 Qg4+ 38. Kf1 Qh3+ 39. Kg1 Qg4+ 40. Kf1 Qh3+ 41. Kg1 Qg4+ 1/2-1/2


[Site "https://www.chess.com"]

[Event "Titled Tuesday Blitz November 14 Early 2023"]
[White "Tatarinov, Dmitry"]
[Black "Alinasab, Mobina"]
[WhiteFideId "24160067"]
[BlackFideId "12528897"]
[WhiteElo "2795"]
[BlackElo "2536"]
[Result "1-0"]
[Round "2"]
[TimeControl "180+1"]
[Date "2023.11.14"]
[WhiteClock "0:00:26"]
[BlackClock "0:00:00"]
[Board "76"]

1. d4 Nf6 2. c4 e6 3. Nf3 d5 4. g3 Bb4+ 5. Bd2 a5 6. Bg2 c5 7. cxd5 exd5 8. O-O Nc6 9. dxc5 Bxc5 10. Nc3 h6 11. Rc1 Ba7 12. Nb5 Bb6 13. Bf4 O-O 14. Ne5 Nxe5 15. Bxe5 Bd7 16. Nc7 Bxc7 17. Bxc7 Qe7 18. Qd4 Rfe8 19. Rfe1 Bc6 20. Bf4 Ne4 21. Rc2 Ng5 22. Bxg5 Qxg5 23. e3 a4 24. a3 h5 25. h4 Qf5 26. Rec1 Rad8 27. Rd2 Rd7 28. Rcd1 Red8 29. Qc3 Qe6 30. Rd4 f6 31. Bf3 Qf7 32. Qc2 g6 33. Kg2 Kg7 34. Qc3 Kg8 35. b4 axb3 36. Qxb3 Kg7 37. a4 f5 38. a5 Rd6 39. Qc3 Qf6 40. Rc1 Kh6 41. Qd2 Kg7 42. Rb1 Qe7 43. Rb6 Kf7 44. Qc3 Kf8 45. a6 bxa6 46. Rxc6 1-0


[Site "https://www.chess.com"]

[Event "Titled Tuesday Blitz November 14 Early 2023"]
[White "Suyarov, Mukhammadzokhid"]
[Black "TomLiu777"]
[WhiteFideId "14210495"]
[WhiteElo "2789"]
[BlackElo "2535"]
[Result "1-0"]
[Round "2"]
[TimeControl "180+1"]
[Date "2023.11.14"]
[WhiteClock "0:00:09"]
[BlackClock "0:00:05"]
[Board "77"]

1. e4 e6 2. d4 d5 3. Nc3 Bb4 4. Ne2 dxe4 5. a3 Bxc3+ 6. Nxc3 Nc6 7. Bb5 Ne7 8. O-O O-O 9. Be3 f5 10. Ne2 Ng6 11. Qd2 Nce7 12. c4 Bd7 13. Bxd7 Qxd7 14. Rad1 Rad8 15. f3 exf3 16. Rxf3 e5 17. d5 b6 18. Nc3 f4 19. Bf2 Nf5 20. Qe1 Nd6 21. c5 bxc5 22. Bxc5 Rfe8 23. Ne4 Nxe4 24. Qxe4 Nh4 25. Rf2 Nf5 26. b4 Nd6 27. Bxd6 cxd6 28. Rc1 Rc8 29. Rc6 a6 30. Rfc2 Qa7+ 31. Kf1 Rcd8 32. Rc7 Qd4 33. Qxd4 exd4 34. Rd2 Re4 35. Rc6 Ra8 36. Rxd6 Re3 37. Rxd4 Rxa3 38. Re6 a5 39. d6 Ra1+ 40. Kf2 Ra2+ 41. Kf3 Ra3+ 42. Kg4 axb4 43. d7 h5+ 44. Kg5 Kh7 45. d8=Q Rxd8 46. Rxd8 Ra2 47. Kxf4 Rxg2 48. h3 Rh2 49. Kg3 Rc2 50. Rb6 Rc3+ 51. Kf4 b3 52. Rdb8 Rxh3 53. Rxb3 Rh4+ 54. Kg3 Rg4+ 55. Kh3 Rg5 56. R8b4 Rg6 57. Rb6 Rg5 58. R6b5 Rg6 59. Rxh5+ Kg8 60. Rb8+ Kf7 61. Rb7+ Kf6 62. Rb6+ Kf7 63. Rf5+ Rf6 64. Rfxf6+ gxf6 65. Kg4 Kg6 66. Kf4 1-0


[Site "https://www.chess.com"]

[Event "Titled Tuesday Blitz November 14 Early 2023"]
[White "Osmak, Yuliia"]
[Black "Alen_Yeremyann"]
[WhiteFideId "14101602"]
[WhiteElo "2531"]
[BlackElo "2788"]
[Result "0-1"]
[Round "2"]
[TimeControl "180+1"]
[Date "2023.11.14"]
[WhiteClock "0:00:10"]
[BlackClock "0:01:14"]
[Board "78"]

1. e4 Nf6 2. e5 Nd5 3. d4 d6 4. c4 Nb6 5. f4 dxe5 6. fxe5 Bf5 7. Nc3 e6 8. Be2 Nc6 9. Be3 Be7 10. Nf3 O-O 11. O-O f6 12. exf6 Bxf6 13. Qd2 Qd7 14. Rad1 Rad8 15. Kh1 Qe8 16. Qc1 Qg6 17. c5 Nd5 18. Nxd5 exd5 19. Bg1 Rde8 20. Bb5 a6 21. Bxc6 bxc6 22. Rde1 Be4 23. Qd2 h6 24. Re2 Qg4 25. h3 Qh5 26. Re3 Bg5 27. Nxg5 Rxf1 28. Nxe4 Rxe4 29. Rxe4 dxe4 30. Qe3 Qd1 31. Kh2 Re1 32. Qf2 Rf1 33. Qe3 Qe1 34. Qb3+ Kh8 35. Qe6 Rf6 36. Qc8+ Kh7 37. Qxc7 Qd2 38. Qg3 Qf4 39. Be3 Qxg3+ 40. Kxg3 Kg6 41. b4 Kf5 42. a4 Ke6 43. Bf4 Kd5 44. Be5 Rf7 45. h4 e3 0-1


[Site "https://www.chess.com"]

[Event "Titled Tuesday Blitz November 14 Early 2023"]
[White "Llorente Zaro, Alfonso"]
[Black "Molenda, Marcin"]
[WhiteFideId "2254131"]
[BlackFideId "1173065"]
[WhiteElo "2778"]
[BlackElo "2529"]
[Result "1-0"]
[Round "2"]
[TimeControl "180+1"]
[Date "2023.11.14"]
[WhiteClock "0:00:43"]
[BlackClock "0:00:40"]
[Board "79"]

1. e4 e5 2. Nf3 Nf6 3. Nc3 Nc6 4. h3 a6 5. d4 exd4 6. Nxd4 Bb4 7. Nxc6 bxc6 8. Bd3 O-O 9. O-O d6 10. Bg5 h6 11. Bh4 Rb8 12. Qf3 Bc5 13. Rad1 Bd4 14. Ne2 Bxb2 15. c3 g5 16. e5 Nd5 17. Qe4 f5 18. exf6 Rxf6 19. Qh7+ Kf8 20. Nd4 Bxc3 21. Qh8+ Ke7 22. Nxc6+ 1-0


[Site "https://www.chess.com"]

[Event "Titled Tuesday Blitz November 14 Early 2023"]
[White "Karas, Marek"]
[Black "Sokolovsky, Yahli"]
[WhiteFideId "14928558"]
[BlackFideId "2820242"]
[WhiteElo "2523"]
[BlackElo "2772"]
[Result "1-0"]
[Round "2"]
[TimeControl "180+1"]
[Date "2023.11.14"]
[WhiteClock "0:00:02"]
[BlackClock "0:00:07"]
[Board "80"]

1. d4 d6 2. e4 g6 3. Nc3 Bg7 4. Nf3 a6 5. a4 b6 6. Be2 Bb7 7. O-O Nf6 8. e5 Nfd7 9. e6 fxe6 10. Ng5 Nf8 11. Bf3 Nc6 12. Re1 Qd7 13. d5 exd5 14. Bg4 Qd8 15. Qxd5 Ne5 16. Qxb7 Nxg4 17. Qc6+ Nd7 18. Ne6 Ne5 19. Qd5 Nf6 20. Nxg7+ Kd7 21. Qb3 Qg8 22. Qxg8 Rhxg8 23. f4 Nc6 24. Ne6 Nb4 25. Re2 Nxc2 26. Rxc2 Kxe6 27. Be3 c5 28. Re1 Kd7 29. Rd2 Rgf8 30. g3 Rab8 31. Kg2 Rf7 32. Bf2 Kc6 33. Rc1 Rb7 34. Ne2 Kd7 35. Nc3 Kc6 36. Bg1 Rf8 37. b3 Rfb8 38. Ne2 Kd7 39. Ra1 Ra8 40. Nc3 Kc6 41. Rb1 b5 42. a5 b4 43. Na4 Rb5 44. Rc2 Rxa5 45. Rbc1 Rb5 46. Bf2 Nd7 47. Kf3 Rf8 48. Be3 Rf7 49. Ke2 Nf6 50. Kd3 Nd5 51. Bd2 a5 52. Be3 Kd7 53. Kc4 Nc7 54. Rd1 Kc6 55. Kd3 Nd5 56. Bd2 Rf8 57. Ke4 Re8 58. Rdc1 e5 59. f5 gxf5+ 60. Kxf5 e4 61. Re1 e3 62. Bc1 Rb7 63. Kg4 Rf7 64. Kh3 Rf2 65. Rce2 Rf5 66. Nb2 Nc3 67. Rxe3 Ref8 68. Nc4 R8f6 69. Nxa5+ Kb5 70. Nc4 d5 71. Nd2 d4 72. Rd3 Rf2 73. Nc4 Rh6+ 74. Bxh6 Nd5 75. Bf4 Rxf4 76. gxf4 Nxf4+ 77. Kg4 Nxd3 78. Re6 Nf2+ 79. Kf3 1-0


[Site "https://www.chess.com"]

[Event "Titled Tuesday Blitz November 14 Early 2023"]
[White "Baches Garcia, Guillermo"]
[Black "Bryakin, Mikhail"]
[WhiteFideId "2209764"]
[BlackFideId "4165314"]
[WhiteElo "2521"]
[BlackElo "2770"]
[Result "1-0"]
[Round "2"]
[TimeControl "180+1"]
[Date "2023.11.14"]
[WhiteClock "0:00:59"]
[BlackClock "0:00:52"]
[Board "81"]

1. d4 Nf6 2. Nf3 b5 3. Bg5 Bb7 4. Nbd2 h6 5. Bh4 g5 6. Bg3 d6 7. e4 Nxe4 8. Bxb5+ Nd7 9. Nxe4 Bxe4 10. Qe2 Bb7 11. O-O e6 12. c4 c6 13. Ba4 Qa5 14. Bc2 g4 15. Nd2 h5 16. Ne4 d5 17. Nd6+ Bxd6 18. Bxd6 a6 19. c5 Qd8 20. Qxe6+ fxe6 21. Bg6# 1-0


[Site "https://www.chess.com"]

[Event "Titled Tuesday Blitz November 14 Early 2023"]
[White "topce"]
[Black "Korchmar, Vasiliy"]
[BlackFideId "24131750"]
[WhiteElo "2503"]
[BlackElo "2765"]
[Result "1-0"]
[Round "2"]
[TimeControl "180+1"]
[Date "2023.11.14"]
[WhiteClock "0:00:19"]
[BlackClock "0:00:00"]
[Board "82"]

1. c4 e6 2. Nf3 d5 3. g3 Nf6 4. Bg2 d4 5. O-O c5 6. d3 Nc6 7. e3 h6 8. Na3 e5 9. Nc2 Bd6 10. exd4 exd4 11. Re1+ Be6 12. Bh3 O-O 13. Rxe6 fxe6 14. Bxe6+ Kh8 15. Nce1 Qe8 16. Bh3 Qh5 17. Bg2 Ne5 18. Bf4 Nf7 19. Nh4 Qxd1 20. Ng6+ Kg8 21. Rxd1 Rfe8 22. Bxb7 Rab8 23. Bc6 Re2 24. Bc1 Ng5 25. Nf4 Bxf4 26. gxf4 Nh3+ 27. Kg2 Nxf2 28. Kf3 Rxe1 29. Rxe1 Nxd3 30. Rd1 Nxc1 31. Rxc1 Rxb2 32. Re1 Rxa2 33. Re7 a5 34. Bd5+ Kh7 35. Bf7 a4 36. f5 h5 37. Bg6+ Kh6 38. h4 Ra3+ 39. Kf4 Ra1 40. Ra7 Rf1+ 41. Kg3 Ne4+ 42. Kg2 Rf4 43. Kh3 Rf3+ 44. Kg2 Rg3+ 45. Kh2 Rg4 46. Kh3 Rg3+ 47. Kh2 a3 48. Ra8 Rxg6 49. fxg6 Kxg6 50. Rxa3 Nc3 51. Kg3 Kf5 52. Kf3 g5 53. hxg5 Kxg5 54. Ra5 d3 55. Rxc5+ Kf6 56. Ke3 d2 57. Rc6+ Ke7 58. Kxd2 Ne4+ 59. Ke3 Nd6 60. Kd4 h4 61. Rc7+ Kf6 62. Rh7 Kg6 63. Rh8 Kg7 64. Rd8 h3 65. Rd7+ Nf7 66. Ke3 h2 67. Rd1 Ne5 68. c5 Kf6 69. Kf4 Nd3+ 70. Kg3 Nxc5 71. Kxh2 1-0


[Site "https://www.chess.com"]

[Event "Titled Tuesday Blitz November 14 Early 2023"]
[White "Sattarov, Bobir"]
[Black "Pourkashiyan, Atousa"]
[WhiteFideId "14203081"]
[BlackFideId "12502014"]
[WhiteElo "2765"]
[BlackElo "2495"]
[Result "0-1"]
[Round "2"]
[TimeControl "180+1"]
[Date "2023.11.14"]
[WhiteClock "0:00:00"]
[BlackClock "0:00:21"]
[Board "83"]

1. e4 c5 2. f3 Nc6 3. Nh3 Nf6 4. Nf2 d5 5. Bb5 dxe4 6. fxe4 Bd7 7. Nc3 a6 8. Bxc6 Bxc6 9. d3 e5 10. O-O Be7 11. Bg5 O-O 12. Kh1 Nxe4 13. Nfxe4 Bxg5 14. Qh5 Bf4 15. Nxc5 Qb6 16. N5a4 Qb4 17. a3 Qd4 18. Rae1 f5 19. b3 b5 20. Ne2 Qd5 21. Rf3 bxa4 22. c4 Qf7 23. Qxf7+ Rxf7 24. Rff1 axb3 25. d4 Bd2 26. Rd1 Ba5 27. d5 Ba4 28. c5 Rb8 29. c6 b2 30. Rb1 Bc2 31. d6 Bd3 32. c7 Bxc7 33. dxc7 Rxc7 0-1


[Site "https://www.chess.com"]